 Dungeon Crawl Stone Soup version 0.27-a0-1200-g94dc6ad4cf (webtiles) character file.

Game seed: 7547409394808203473

61 Glokmah the Vexing (level 4, -2/33 HPs)
             Began as a Formicid Arcane Marksman on May 30, 2021.
             Killed from afar by Natasha (4 damage)
             ... with a puff of flame
             ... on level 2 of the Dungeon.
             The game lasted 00:03:04 (2353 turns).

Glokmah the Vexing (Formicid Arcane Marksman)       Turns: 2353, Time: 00:03:05

Health: -2/33      AC:  3    Str: 14    XL:     4   Next: 27%
Magic:  5/6        EV: 11    Int: 13    God:
Gold:   51         SH:  0    Dex: 12    Spells: 3/6 levels left

rFire    . . .     SeeInvis +   a - +0 hand crossbow
rCold    . . .     Faith    .   (no shield)
rNeg     . . .     Spirit   .   c - +0 leather armour
rPois    .         Reflect  .   (helmet unavailable)
rElec    .         Harm     .   (no cloak)
rCorr    .         Rampage  .   (no gloves)
Will     .....                  (no boots)
Stlth    +.........             (no amulet)
HPRegen  0.11/turn              (no ring)
MPRegen  0.10/turn              (no ring)

@: no status effects
A: permanent stasis, dig shafts and tunnels, antennae 3, four strong arms
a: Dig, Shaft Self


You were on level 2 of the Dungeon.
You visited 1 branch of the dungeon, and saw 2 of its levels.

You collected 51 gold pieces.

Inventory:

Hand Weapons
 a - a +0 hand crossbow (weapon)
 b - a +0 short sword
Missiles
 d - 9 bolts (quivered ammo)
 g - 19 poisoned darts
 i - a throwing net
Armour
 c - a +0 leather armour (worn)
Scrolls
 e - a scroll of blinking {unknown}
 f - 2 scrolls of enchant weapon {unknown}
 h - a scroll of amnesia {unknown}
 j - a scroll of holy word {unknown}
 k - a scroll of identify {unknown}
Potions
 l - a potion of mutation {unknown}


   Skills:
 + Level 2.0 Fighting
 * Level 3.1 Crossbows
 - Level 1.7 Dodging
 + Level 1.9 Spellcasting
 + Level 4.1 Hexes


You had 3 spell levels left.
You knew the following spells:

 Your Spells              Type           Power      Damage    Failure   Level
a - Corona                Hex            12%        N/A       6%          1
b - Slow                  Hex            11%        N/A       9%          2

Your spell library contained the following spells:

 Spells                   Type           Power      Damage    Failure   Level
 Inner Flame              Hex/Fire       6%         N/A       38%         3
 Portal Projectile        Hex/Tloc       12%        N/A       38%         3
 Cause Fear               Hex            5%         N/A       52%         4
 Leda's Liquefaction      Hex/Erth       3%         N/A       80%         4


Dungeon Overview and Level Annotations

Branches:
Dungeon (2/15)

Altars:

Annotations:
D:2 Natasha


Innate Abilities, Weirdness & Mutations

You cannot be hasted, slowed, berserked, paralysed or teleported.
You can dig through walls and to a lower floor.
You have a pair of large antennae on your head. (SInv)
Your four strong arms can wield two-handed weapons with a shield.


Message History

The magic dart hits you!
Fire: 15 bolts
Press: ? - help, Q - select action, (/) - cycle Shift-Dir - straight line, f/p - Natasha
Aim: Natasha, carrying a wand of flame (9) (slow, 56% to hit)
You shoot a bolt.
The bolt hits Natasha but does no damage.
Fire: 14 bolts
Press: ? - help, Q - select action, (/) - cycle Shift-Dir - straight line, f/p - Natasha
Aim: Natasha, carrying a wand of flame (9) (slow, 56% to hit)
You shoot a bolt. The bolt hits Natasha!
Natasha is severely wounded.
Natasha stares at you and mumbles some strange words.
The magic dart hits you!
* * * LOW HITPOINT WARNING * * *
Fire: 13 bolts
Press: ? - help, Q - select action, (/) - cycle Shift-Dir - straight line, f/p - Natasha
Aim: Natasha, carrying a wand of flame (9) (severely wounded, slow, 56% to hit)
You shoot a bolt. The bolt closely misses Natasha.
Natasha growls.
Natasha zaps a wand.
The puff of flame hits you.
* * * LOW HITPOINT WARNING * * *
Fire: 12 bolts
Press: ? - help, Q - select action, (/) - cycle Shift-Dir - straight line, f/p - Natasha
Aim: Natasha, carrying a wand of flame (8) (severely wounded, slow, 56% to hit)
You shoot a bolt. The bolt closely misses Natasha.
The bolt closely misses the iron imp.
Fire: 11 bolts
Press: ? - help, Q - select action, (/) - cycle Shift-Dir - straight line, f/p - Natasha
Aim: Natasha, carrying a wand of flame (8) (severely wounded, slow, 56% to hit)
You shoot a bolt.
The bolt hits Natasha but does no damage.
Natasha is severely wounded.
Natasha misses you.
Fire: 10 bolts
Press: ? - help, Q - select action, (/) - cycle Shift-Dir - straight line, f/p - Natasha
Aim: Natasha, carrying a wand of flame (8) (severely wounded, slow, 56% to hit)
You shoot a bolt. The bolt hits Natasha.
Natasha is severely wounded.
Natasha zaps a wand.
The puff of flame hits you.
You die...

#.###....#########
#.# #....# #.#
###### #.# #.# #.#
#.# #(# . #@# .
... #h# ...(.##5#
....h'((#
..5..#### .... .##


You could see an iron imp (summoned) and Natasha (slow).

Vanquished Creatures
  Natasha (D:2)
  A worm (D:2)
  A dart slug (D:1)
  2 giant cockroaches (D:1)
  8 hobgoblins
  2 jackals (D:1)
  A quokka (D:2)
  3 ball pythons
  3 bats
  2 frilled lizards (D:1)
  3 kobolds
  4 rats
31 creatures vanquished.

Notes
Turn   | Place    | Note
-------+----------+-------------------------------------------
     0 | D:1      | Glokmah the Formicid Arcane Marksman began the quest for
                  | the Orb.
     0 | D:1      | Reached XP level 1. HP: 15/15 MP: 2/2
   492 | D:1      | Reached XP level 2. HP: 16/21 MP: 3/3
   605 | D:1      | Found a faded altar of an unknown god.
  1022 | D:1      | Reached XP level 3. HP: 15/26 MP: 5/5
  1182 | D:1      | Learned a level 2 spell: Slow
  1900 | D:2      | Noticed Natasha
  1909 | D:2      | Killed Natasha
  1910 | D:2      | Reached skill level 4 in Hexes
  1910 | D:2      | Reached XP level 4. HP: 18/33 MP: 2/6
  2340 | D:2      | Noticed Natasha
  2353 | D:2      | Killed from afar by Natasha

Illustrated notes

Levels and vault maps discovered:
D:1:      psy_arrival_conway, layout_loops_ring, basic_ecumenical_altar,
          kennysheep_boxes
D:2:      layout_basic, uniq_natasha

Skill      XL: |  1  2  3 |
---------------+----------+-----
Fighting       | 2 |  2.0
Crossbows      | 3 |  3.1
Hexes          | 4 |  4.1
Dodging        | |  1.7
Spellcasting   | |  1.9

Action                   |  1- 3 |  4- 6 || total
-------------------------+-------+-------++-------
Melee: Short sword       |   132 |     5 ||   137
 Fire: Hand crossbow     |     7 |    14 ||    21
Throw: Dart              |     1 |       ||     1
 Cast: Slow              |     1 |     2 ||     3
       Corona            |     1 |       ||     1
Armor: Leather armour    |    47 |     1 ||    48
Dodge: Dodged            |    85 |     4 ||    89

Table legend: (Time is in decaauts)
 A = Elapsed time spent in this place.
 B = Non-inter-level travel time spent in this place.
 C = Inter-level travel time spent in this place.
 D = Time resting spent in this place.
 E = Time spent auto-exploring this place.
 F = Levels seen in this place.
 G = Mean time per level.
                   A        B        C        D        E       F      G
               +--------+--------+--------+--------+--------+-----+--------+
         Total |   2399 |   2329 |     70 |    568 |   1330 |   2 | 1199.5 |
       Dungeon |   2399 |   2329 |     70 |    568 |   1330 |   2 | 1199.5 |
               +--------+--------+--------+--------+--------+-----+--------+

Top non-repeatable levels by time:
     D:1: 1734 daAuts
     D:2: 664 daAuts
